 Dungeon Crawl Stone Soup version 0.17-a0-1123-g6d3914c (webtiles) character file.

21197 HeyJoe the Severer (level 12, -4/144 HPs)
             Began as a Deep Dwarf Berserker on May 24, 2015.
             Was the Champion of Trog.
             Slain by a one-headed hydra (9 damage)
             ... on level 12 of the Dungeon.
             The game lasted 00:50:48 (10548 turns).

HeyJoe the Severer (Deep Dwarf Berserker)          Turns: 10548, Time: 00:50:48

Health: -4/144     AC: 12    Str: 35    XL:     12   Next: 52%
Magic:  10/10      EV: 13    Int: 16    God:    Trog [******]
Gold:   235        SH:  0    Dex: 12    Spells: 0 memorised, 11 levels left

rFire  . . .     SeeInvis .     N - +1 scimitar (flame)
rCold  . . .     Clarity  .     K - +7 ring mail of the Eleven Spirits {Int+6}
rNeg   . . .     SustAt   .     (no shield)
rPois  +         Gourm    .     l - +2 helmet {Int+3}
rElec  .         Spirit   .     M - +0 cloak {rPois}
rCorr  .         Warding  .     t - +0 pair of gloves
rMut   .         Stasis   .     (no boots)
MR     +....                    H - amulet of faith
Stlth  ..........               X - +3 ring of strength
                                Q - +4 ring of protection

@: berserking (expiring), corroded equipment, non-regenerating, very quick,
somewhat resistant to hostile enchantments, extremely unstealthy
A: damage resistance, recharge devices, sense surroundings 2, slow healing 3
a: Device Recharging, Burn Spellbooks, Berserk, Trog's Hand, Brothers in Arms,
Renounce Religion


You were on level 12 of the Dungeon.
You worshipped Trog.
Trog was exalted by your worship.
You were not hungry.

You visited 2 branches of the dungeon, and saw 13 of its levels.

You collected 532 gold pieces.
You spent 297 gold pieces at shops.

Inventory:

Hand weapons
 a - a +4 antimagic executioner's axe
 f - a +3 vampiric hand axe
 N - a +1 scimitar of flaming (weapon)
 P - a +0 battleaxe of distortion
Armour
 l - a +2 helmet of intelligence (worn)
 t - a +0 pair of gloves (worn)
 K - the +7 ring mail of the Eleven Spirits (worn) {Int+6}
   (You bought it in a shop on level 7 of the Dungeon)

   It affects your intelligence (+6).
 M - a +0 cloak of poison resistance (worn)
Jewellery
 g - the amulet "Goricaosh" {+Rage rC+, unknown}
   (You found it on level 11 of the Dungeon)

   [amulet of rage]

   It protects you from cold.
   It lets you go berserk.
 j - an uncursed ring of magical power
 H - an amulet of faith (around neck)
 Q - a +4 ring of protection (left hand)
 R - an uncursed ring of ice
 V - an uncursed ring of ice
 X - a +3 ring of strength (right hand)
Magical devices
 b - a wand of digging (10)
 c - a wand of heal wounds (4)
 e - a wand of cold (0)
 y - a wand of disintegration (12)
 I - a wand of confusion (7)
 L - a wand of fire (0)
 S - a wand of lightning (0)
Scrolls
 h - 7 scrolls of blinking
 p - 2 scrolls of fear
 r - 2 scrolls of identify
 x - 2 scrolls of teleportation
 C - 5 scrolls of remove curse
 T - a scroll of vulnerability {unknown}
 Z - a scroll of enchant armour
Potions
 k - 2 potions of agility
 n - a potion of ambrosia
 o - a potion of magic {unknown}
 q - 11 potions of curing {unknown}
 w - a potion of resistance {unknown}
 E - a potion of heal wounds {unknown}
 G - 2 potions of lignification {unknown}
 U - a potion of flight {unknown}
 Y - a potion of haste {unknown}
Miscellaneous
 z - a plain deck of wonders {drawn: 8}
Comestibles
 d - 3 fruits
 i - a chunk of flesh
 v - 2 slices of pizza
 B - 5 meat rations
 D - 6 beef jerkies
 J - 6 bread rations


   Skills:
 - Level 2.6 Fighting
 - Level 20.0 Axes
 + Level 5.3 Armour
 + Level 5.4 Dodging


You had 11 spell levels left.
You didn't know any spells.

Dungeon Overview and Level Annotations

Branches:
Dungeon (12/15)            Temple (1/1) D:4            Lair (0/8) D:8
    Orc: D:9-12

Altars:
Ashenzari
Cheibriados
Elyvilon
Fedhas
Gozag
Kikubaaqudgha
Makhleb
Nemelex Xobeh
Okawaru
Qazlal
Ru
Sif Muna
Trog
Vehumet
Xom
Yredelemnul
Zin
The Shining One

Shops:
D:7 [

Portals:
Trove: D:11 (give +5 demon trident)


Innate Abilities, Weirdness & Mutations

You are resistant to damage.
You can recharge devices by infusing magical energy.
You passively map the area around you.
You do not heal naturally.


Message History

* * * LOW HITPOINT WARNING * * *
The three-headed hydra barely misses you.
You lop one of the three-headed hydra's heads off!
The flame cauterises the wound!
You slash the two-headed hydra! You burn the two-headed hydra.
The two-headed hydra is severely wounded.
The adder completely misses you. The two-headed hydra barely misses you.
The two-headed hydra closely misses you.
Unknown command.
Your ring mail of the Eleven Spirits prevents you from hitting the two-headed hydra.
The two-headed hydra is severely wounded.
The adder bites you but does no damage. The two-headed hydra barely misses you.
The two-headed hydra closely misses you.
The adder bites you but does no damage.
You chop one of the two-headed hydra's heads off!
The flame cauterises the wound!
You slash the one-headed hydra! You burn the one-headed hydra.
The one-headed hydra is almost dead.
The one-headed hydra bites you!
You die...

###+### **#..#++#..#
....... ,, *)#....#$
,* ....... ...
#......# ,
...........
+......+,,*
#..........
+......+,*
#+####...#
,##......#*
#...##...##.# #....#
#........##.#,,#DS#
#...........####@.#*
#.................#
'................##
#...............##
#...##..###.....#
##+###..###.....#
................#
................#
................#


You could see an one-headed hydra and an adder.

Vanquished Creatures
  The ghost of Goodini51 the Cleaver, a powerful FoFi of Qazlal (D:12)
  The ghost of Mulkerokala the Spear-Bearer, a powerful GrFi of Okawaru (D:12)
  A vault guard (D:11)
  A hydra (D:11)
  Erolcha (D:8)
  Erica (D:8)
  The ghost of Somebody the Phalangite, a powerful MfSk of Okawaru (D:11)
  Pikel (D:7)
  7 hill giants
  Maurice (D:8)
  Joseph (D:7)
  A gargoyle (D:11)
  A kobold demonologist (D:12)
  A fire drake (D:8)
  A troll (D:12)
  2 two-headed ogres
  4 deep elf magi
  2 wyverns
  A hippogriff (D:10)
  A steam dragon (D:8)
  20 yaks
  The ghost of braks the Digger, an average FoEE (D:3)
  Menkaure (D:6)
  A naga (D:6)
  A mottled dragon (D:11)
  A water moccasin (D:11)
  7 orc warriors
  2 sky beasts
  A phantom (D:12)
  2 eyes of draining
  2 crocodiles
  5 centaurs
  4 ogres
  3 slaves (D:7)
  4 big kobolds
  An ice beast (D:11)
  A wyvern zombie (D:8)
  5 giant frogs
  A gnoll sergeant (D:11)
  2 scorpions
  6 wights
  9 killer bees
  An electric eel (D:10)
  4 crimson imps
  2 centaur skeletons (D:6)
  2 centaur zombies
  3 hounds
  5 jellies
  A giant frog skeleton (D:10)
  Ijyb (D:2)
  11 worker ants
  5 iguanas
  6 orc priests
  18 orc wizards
  2 hound zombies
  4 adders
  A worker ant zombie (D:5)
  12 gnolls
  A shadow imp (D:8)
  2 oozes
  3 worms
  9 giant geckos
  47 orcs
  A ball python (D:1)
  11 bats
  A bat skeleton (D:5)
  3 giant cockroaches
  14 goblins
  15 hobgoblins
  7 quokkas
  9 giant newts
  25 kobolds
  A quokka zombie (D:5)
  18 rats
356 creatures vanquished.

Vanquished Creatures (others)
  A cyclops (D:11)
  A mottled dragon (D:11)
  An ogre (D:7)
  An orc wizard (D:8)
  An orc (D:10)
  A goblin (D:7)
6 creatures vanquished.

Grand Total: 362 creatures vanquished

Notes
Turn   | Place    | Note
--------------------------------------------------------------
     0 | D:1      | HeyJoe the Deep Dwarf Berserker began the quest for the Orb.
     0 | D:1      | Reached XP level 1. HP: 20/20 MP: 1/1
   159 | D:1      | HP: 1/20 [hobgoblin/club (4)]
   163 | D:1      | Reached XP level 2. HP: 27/27 MP: 2/2
   246 | D:1      | Reached skill level 4 in Axes
   395 | D:1      | Acquired Trog's second power
   904 | D:2      | Reached XP level 3. HP: 31/33 MP: 3/3
   916 | D:2      | Reached skill level 5 in Axes
   923 | D:2      | Reached XP level 4. HP: 16/40 MP: 4/4
   985 | D:2      | Found a bloodstained altar of Trog.
  1143 | D:2      | Noticed Ijyb
  1154 | D:2      | Killed Ijyb
  1154 | D:2      | Reached skill level 6 in Axes
  1382 | D:2      | Reached XP level 5. HP: 18/46 MP: 5/5
  1455 | D:3      | Noticed an ogre
  1464 | D:3      | Killed an ogre
  1464 | D:3      | Reached skill level 7 in Axes
  1578 | D:3      | Noticed braks's ghost (average FoEE)
  2098 | D:3      | Killed braks's ghost
  2098 | D:3      | Reached skill level 8 in Axes
  2098 | D:3      | Reached XP level 6. HP: 46/55 MP: 5/5
  2525 | D:4      | Reached XP level 7. HP: 56/61 MP: 6/6
  2571 | D:4      | Reached skill level 9 in Axes
  2663 | D:4      | Found a glowing golden altar of the Shining One.
  2709 | D:4      | You fall through a shaft for 2 floors!
  2751 | D:6      | Found a sparkling altar of Nemelex Xobeh.
  2834 | D:6      | Drew Focus: Str increased to 23, Int decreased to 7
  2948 | D:6      | Noticed Menkaure
  2955 | D:6      | Killed Menkaure
  3007 | D:6      | Reached skill level 10 in Axes
  3092 | D:6      | Reached XP level 8. HP: 30/68 MP: 7/7
  3120 | D:5      | Entered Level 5 of the Dungeon
  3164 | D:5      | Received a gift from Trog
  3306 | D:4      | Acquired Trog's third power
  3437 | D:4      | Found a staircase to the Ecumenical Temple.
  3446 | Temple   | Entered the Ecumenical Temple
  4079 | D:5      | Found a shimmering altar of Xom.
  4288 | D:5      | Reached skill level 11 in Axes
  4400 | D:6      | Noticed a centaur skeleton
  4411 | D:6      | Killed a centaur skeleton
  4450 | D:6      | Found an opulent altar of Gozag.
  4679 | D:6      | Reached skill level 12 in Axes
  4812 | D:7      | Noticed Pikel
  4851 | D:7      | Killed Pikel
  4851 | D:7      | Reached skill level 13 in Axes
  4851 | D:7      | Gained mutation: You passively map the area around you. [Deep Dwarf growth]
  4851 | D:7      | Reached XP level 9. HP: 74/74 MP: 8/8
  4881 | D:7      | Found Potary's Antique Armour Shoppe.
  4887 | D:7      | Bought a pitted ring mail for 198 gold pieces
  4897 | D:7      | Identified the +7 ring mail of the Eleven Spirits {Int+6} (You bought it in a shop on level 7 of the Dungeon)
  4936 | D:7      | Found an iron altar of Okawaru.
  4941 | D:7      | Noticed Joseph
  4960 | D:7      | Killed Joseph
  5053 | D:7      | Reached skill level 14 in Axes
  5435 | D:7      | Found a basalt altar of Yredelemnul.
  5616 | D:8      | Noticed Maurice
  5635 | D:8      | Noticed Erolcha
  5663 | D:8      | Killed Erolcha
  5663 | D:8      | Reached skill level 15 in Axes
  5663 | D:8      | Reached XP level 10. HP: 81/81 MP: 9/9
  5674 | D:8      | Killed Maurice
  5872 | D:8      | Noticed Erica
  5889 | D:8      | Killed Erica
  5903 | D:8      | Reached skill level 16 in Axes
  5970 | D:8      | Found a glowing silver altar of Zin.
  6047 | D:8      | Found a deep blue altar of Sif Muna.
  6081 | D:8      | Found a staircase to the Lair.
  6081 | D:8      | Noticed a fire drake
  6105 | D:8      | Killed a fire drake
  6182 | D:8      | Received a gift from Trog
  6363 | D:8      | Found a burning altar of Makhleb.
  6497 | D:8      | Found a glowing silver altar of Zin.
  6839 | D:9      | Reached skill level 17 in Axes
  6963 | D:9      | Found a sacrificial altar of Ru.
  7281 | D:7      | Bought a shiny helmet for 99 gold pieces
  7358 | D:10     | Entered Level 10 of the Dungeon
  7477 | D:10     | Found an opulent altar of Gozag.
  7489 | D:10     | Noticed a hill giant
  7521 | D:10     | Killed a hill giant
  7521 | D:10     | Reached XP level 11. HP: 63/88 MP: 10/10
  7674 | D:10     | Noticed a hill giant
  7687 | D:10     | Received a gift from Trog
  7700 | D:10     | Killed a hill giant
  8155 | D:10     | Reached skill level 18 in Axes
  8179 | D:10     | Found a staircase to the Orcish Mines.
  8296 | D:10     | Got a spiked cloak
  8330 | D:10     | Identified the +2 cloak of Ennui {*Corrode +Blink rPois Str+3} (You found it on level 10 of the Dungeon)
  8768 | D:11     | Noticed a hill giant
  8771 | D:11     | Killed a hill giant
  8779 | D:11     | Got a transparent iron amulet
  8915 | D:11     | Noticed a hill giant
  9005 | D:11     | Noticed a vault guard
  9013 | D:11     | Found a portal to a secret trove of treasure.
  9127 | D:11     | Killed a hill giant
  9135 | D:11     | Noticed an eight-headed hydra
  9191 | D:11     | HP: 2/88 [something (31)]
  9275 | D:11     | Killed a vault guard
  9275 | D:11     | Reached skill level 19 in Axes
  9313 | D:11     | Received a gift from Trog
  9329 | D:11     | Got a crude longbow {god gift}
  9330 | D:11     | Identified the +5 longbow "Etuvy" {venom, rPois Dex+5} (Trog gifted it to you on level 11 of the Dungeon)
  9514 | D:11     | Killed a three-headed hydra
  9742 | D:11     | Noticed Somebody's ghost (powerful MfSk)
  9755 | D:11     | Killed Somebody's ghost
  9786 | D:11     | Reached XP level 12. HP: 66/96 MP: 11/11
  9933 | D:12     | Reached skill level 20 in Axes
 10099 | D:12     | Noticed Mulkerokala's ghost (powerful GrFi)
 10169 | D:12     | Killed Mulkerokala's ghost
 10207 | D:12     | Noticed Goodini51's ghost (powerful FoFi)
 10224 | D:12     | Killed Goodini51's ghost
 10381 | D:12     | Reached skill level 5 in Armour
 10381 | D:12     | Reached skill level 5 in Dodging
 10528 | D:12     | Noticed a seven-headed hydra
 10545 | D:12     | HP: 5/144 [three-headed hydra (8)]
 10548 | D:12     | Slain by a one-headed hydra

Vault maps used:
D:1:      shiori_arrival_elements, hangedman_abyss_or_decor_lesser_grid,
          minmay_newt_pond
D:2:      first_bread, trog_three_pillars_becter, uniq_iyjb
D:3:      serial_bayou_pond_e, kennysheep_generic_room_11
D:4:      tso_metal_star, temple_hall
D:5:      kennysheep_little_box, kennysheep_generic_room_5
D:6:      lemuel_doored_altar, nemelex_deck, minmay_misc_feat_alley,
          uniq_menkaure
D:7:      overflow_temple_1_default, yredelemnul_altar_generic, serial_shops,
          nicolae_shop_statue_plus, grunt_ogre_cave, uniq_pikel, uniq_joseph
D:8:      lemuel_coloured_pillars_altar, led_sif_book, zin_statuary,
          minmay_lair_entry_lava, basic_altar, lemuel_old_faithful,
          uniq_erolcha, uniq_maurice, uniq_erica
D:9:      lemuel_crystal_altar, nicolae_dithmenos_the_darkroom, david_orc_5,
          grunt_ministairs_6
D:10:     erik_orc_2, nicolae_gozag_cash_rules_everything_around_me
D:11:     enter_trove_5
D:12:     hangedman_decor_clover_reticule, lightli_fourway_metalbox
Temple:   nicolae_temple_figure_zero

Action                   |  1- 3 |  4- 6 |  7- 9 | 10-12 || total
-------------------------+-------+-------+-------+-------++-------
Melee: Hand axe          |    94 |   160 |   532 |   687 ||  1473
       Battleaxe         |       |       |       |   149 ||   149
       Executioner's axe |       |       |       |    22 ||    22
       Scimitar          |       |       |       |    21 ||    21
Invok: Berserk           |     3 |     6 |     5 |     6 ||    20
       Trog's Hand       |       |     2 |     1 |     1 ||     4
       Burn Spellbooks   |       |     1 |     1 |     1 ||     3
 Abil: Device Recharging |       |     1 |       |     1 ||     2
Evoke: Wand              |     3 |     4 |     1 |    18 ||    26
       Deck              |       |       |     8 |       ||     8
  Use: Scroll            |       |     3 |       |    15 ||    18
 Stab: Sleeping          |       |     5 |       |       ||     5
       Distracted        |       |       |     2 |       ||     2
       Confused          |       |       |       |     5 ||     5
  Eat: Chunk             |     2 |     9 |    12 |    24 ||    47
       Bread ration      |       |     2 |       |       ||     2
       Pizza             |       |       |     1 |       ||     1
       Beef jerky        |       |       |       |     2 ||     2
       Fruit             |       |       |       |     1 ||     1
